 Dungeon Crawl Stone Soup version 0.28.0 (webtiles) character file.

Game seed: 7913099764039800542

166 GrayStillPlays the Skirmisher (level 5, -1/47 HPs)
             Began as a Draconian Fighter on Feb 9, 2022.
             Killed by divine providence
             ... invoked by an orc priest
              (11 damage)
             ... on level 3 of the Dungeon.
             The game lasted 00:03:29 (2713 turns).

GrayStillPlays the Skirmisher (Draconian Fighter)   Turns: 2713, Time: 00:03:30

Health: -1/47      AC:  6    Str: 18    XL:     5   Next: 22%
Magic:  17/17      EV: 12    Int: 10    God:
Gold:   88         SH:  4    Dex: 11    Spells: 8/8 levels left

rFire   . . .      SeeInvis .   g - +2 war axe (holy) {axe}
rCold   . . .      Faith    .   b - +0 buckler
rNeg    . . .      Spirit   .   (armour unavailable)
rPois   .          Reflect  .   (helmet restricted)
rElec   .          Harm     .   (no cloak)
rCorr   .          Rampage  .   (no gloves)
Will    .....                   l - +0 pair of boots
Stlth   +.........              (no amulet)
HPRegen 0.15/turn               i - ring of magical power
MPRegen 0.15/turn               (no ring)

@: no status effects
A: AC +5, unfitting armour, cold-blooded
a: no special abilities


You were on level 3 of the Dungeon.
You visited 1 branch of the dungeon, and saw 3 of its levels.

You collected 88 gold pieces.


Innate Abilities, Weirdness & Mutations

Your plain brown scales are hard. (AC +5)
You cannot fit into any form of body armour.
You are cold-blooded and may be slowed by cold attacks.


   Skills:
 + Level 4.3 Fighting
 - Level 2.0 Axes
 + Level 3.5 Dodging
 + Level 4.0 Shields
 + Level 2.0 Spellcasting


You had 8 spell levels left.
You didn't know any spells.
Your spell library was empty.

Inventory:

Hand Weapons
 a - a +0 war axe {axe}
 g - a +2 war axe of holy wrath (weapon) {axe}
   (You found it on level 1 of the Dungeon)
Missiles
 d - 55 bolts
 h - 115 stones (quivered) {throwing}
Armour
 b - a +0 buckler (worn)
 l - a +0 pair of boots (worn)
   (You found it on level 2 of the Dungeon)
Jewellery
 i - a ring of magical power (left hand)
   (You found it on level 1 of the Dungeon)
Scrolls
 e - a scroll of silence {unknown}
 j - a scroll of amnesia {unknown}
 k - 3 scrolls of identify {unknown}
 m - a scroll of summoning {unknown}
 n - a scroll of teleportation {unknown}
Potions
 c - a potion of might
 f - a potion of brilliance {unknown}
 o - a potion of mutation {unknown}
 p - a potion of heal wounds {unknown}

Dungeon Overview and Level Annotations

Branches:
Dungeon (3/15)

Altars:
Uskayaw

Annotations:
D:2 1 runed translucent door, Crazy Yiuf

.... .....#
#..... ..8K.
..8.# #.....
..... ...#
#.....
......##..####
#.....
......#g.....#
#.....
>.......o....+
.......
#....##ogo...#
##..... ..##
#oB....#
######
#@.....# #
#......# #
#..##### ..
#..# ...# ...#
...# ...# ..
...# ....#


You could see 2 orc priests, 2 gnolls, 2 orcs and a giant cockroach.


Message History

You barely miss the rat. The rat bites you but does no damage.
You slash the rat!
You kill the rat!
No target in view!
No target in view!
A dart slug comes into view.
A dart slug is nearby!
Found a scroll labelled QUANKUC HYAN.
Found a stone staircase leading down.
You slash the dart slug!
You kill the dart slug!
Your Spellcasting skill increases to level 2!
Unknown command.
No target in view!
No target in view!
No target in view!
Unknown command.
No target in view!
You see here a dart slug corpse.
k - 3 scrolls labelled QUANKUC HYAN (gained 1)
h - 115 stones {throwing} (gained 19)
Found a hide-covered altar of Uskayaw. 😎 MP[+1]
Your mp is fully restored (17).
A hobgoblin comes into view.
The hobgoblin shouts!
You hit the hobgoblin.
The hobgoblin hits you but does no damage.
You slash the hobgoblin!
You kill the hobgoblin!
No target in view!
No target in view!
p - a silvery potion
Things that are here:
a +0 dagger {short}; a goblin corpse A quokka comes into view.
A quokka is nearby!
You barely miss the quokka. The quokka closely misses you.
The quokka bites you but does no damage.
You slash the quokka!
You kill the quokka!
No target in view!
No target in view!
You see here a quokka corpse.
A goblin comes into view. It is wielding a +0 dagger.
A goblin is nearby!
A hound comes into view.
The hound barks!
You hear a shout!
A sourceless malevolence fills the Dungeon... and a teleportation trap spontaneously manifests!
You are yanked towards some nearby monsters!
Your surroundings suddenly seem different.
A giant cockroach, 2 gnolls, 2 orc priests and 2 orcs come into view.
Found a stone staircase leading down.
The gnoll shouts! x2; The orc priest shouts!
The orc shouts!
The orc priest shouts!
The gnoll misses you. The gnoll barely misses you.
You slash the gnoll!
You kill the gnoll!
You hit the giant cockroach. The giant cockroach misses you.
An endoplasm comes into view.
The gnoll closely misses you.
Your Shields skill increases to level 4! 😎 HP[+1]
You now have 47 max hp (+1).
Your hp is fully restored (47).
You closely miss the giant cockroach. You barely miss the orc priest.
The endoplasm quivers.
The giant cockroach bites you but does no damage.
The orc priest mumbles some strange prayers to Beogh against you.
Beogh smites you!
The orc priest looks braver for a moment.
The gnoll hits you from afar with a +0 halberd!
An endoplasm comes into view.
The giant cockroach bites you but does no damage.
The orc closely misses you.
The endoplasm quivers. 😮 HP[-19]
You take 19 damage, and now have 28/47 hp.
MASSIVE DAMAGE!! (PAUSE)
Found a stone staircase leading down.
A kobold comes into view. It is wielding a +0 club.
The orc priest invokes the aid of Beogh against you.
Beogh smites you!
* * * LOW HITPOINT WARNING * * *
The gnoll barely misses you. 😨 HP[-9]
You take 9 damage, and now have 19/47 hp.
A gnoll comes into view. It is wielding a +0 club.
You block the orc's attack.
The gnoll hits you from afar with a +0 halberd.
* * * LOW HITPOINT WARNING * * *
😨 HP[-2]
You take 2 damage, and now have 17/47 hp.
The orc priest calls down the wrath of Beogh upon you.
Pain shoots through your body!
* * * LOW HITPOINT WARNING * * *
The giant cockroach misses you. The gnoll misses you. 😱 HP[-7]
You take 7 damage, and now have 10/47 hp.
The orc priest mumbles some strange prayers to Beogh against you.
Beogh smites you!
You die...

Skill      XL: |  1  2  3  4  5 |
---------------+----------------+-----
Dodging        | 3 |  3.5
Spellcasting   | 1 2 |  2.0
Fighting       | 4 |  4.3
Shields        | 4 |  4.0
Axes           | |  2.0

Action                   |  1- 3 |  4- 6 || total
-------------------------+-------+-------++-------
Melee: War axe           |    57 |    62 ||   119
       Tailslap          |     4 |     3 ||     7
Armor: Skin              |    17 |    25 ||    42
Dodge: Dodged            |    31 |    45 ||    76
Block: Buckler           |    18 |    17 ||    35

Levels and vault maps discovered:
D:1:      dpeg_arrival_round_b, layout_loops_cross, serial_aquarium,
          aquarium_bridge_straight [aquarium_subvault_bridge,
          aquarium_subvault_wall, aquarium_subvault_bridge,
          aquarium_subvault_wall], aquarium_bridge_square
          [aquarium_subvault_bridge, aquarium_subvault_balcony,
          aquarium_subvault_bridge, aquarium_subvault_wall],
          aquarium_window_double, aquarium_window_corridor_2, aquarium_window_1,
          aquarium_window_1, aquarium_view_2d, aquarium_view_2e
D:2:      kennysheep_six_static_rooms, layout_rooms, uniq_natasha,
          uniq_crazy_yiuf_cottage, uniq_jessica
D:3:      layout_basic, demons_altar, eat_drink_and_be_merry_uskayaw,
          st_stairs_1, chequers_mini_garden

Notes
Turn   | Place    | Note
-------+----------+-------------------------------------------
     0 | D:1      | GrayStillPlays the Draconian Fighter began the quest for
                  | the Orb.
     0 | D:1      | Reached XP level 1. HP: 19/19 MP: 1/1
     0 | D:1      | magus.rc [v1.9.6]
   203 | D:1      | Reached XP level 2. HP: 16/26 MP: 2/2
  1087 | D:2      | Noticed Natasha
  1088 | D:2      | Noticed a crimson imp
  1272 | D:2      | Killed Natasha
  1273 | D:2      | Reached skill level 3 in Dodging
  1273 | D:2      | Reached skill level 1 in Spellcasting
  1273 | D:2      | Reached XP level 3. HP: 29/33 MP: 4/4
  1574 | D:2      | Noticed Jessica
  1584 | D:2      | Killed Jessica
  1585 | D:2      | Reached skill level 4 in Fighting
  1585 | D:2      | Reached XP level 4. HP: 34/40 MP: 6/6
  1606 | D:2      | Noticed Natasha
  1613 | D:2      | Killed Natasha
  1972 | D:2      | Found a runed translucent door.
  1973 | D:2      | Noticed Crazy Yiuf
  2098 | D:2      | Noticed Natasha
  2117 | D:2      | Killed Natasha
  2118 | D:2      | Reached XP level 5. HP: 20/46 MP: 7/7
  2588 | D:3      | Reached skill level 2 in Spellcasting
  2646 | D:3      | Found a hide-covered altar of Uskayaw.
  2709 | D:3      | Reached skill level 4 in Shields
  2712 | D:3      | HP: 10/47 [orc priest/nerve-wracking pain (7)]
  2713 | D:3      | Killed from afar by an orc priest

Vanquished Creatures
  Jessica (D:2)
  Natasha (thrice) (D:2)
  A gnoll (D:3)
  An adder (D:2)
  A worm (D:2)
  2 dart slugs
  2 endoplasms
  3 giant cockroaches (D:2)
  4 goblins
  3 hobgoblins
  4 quokkas
  A ball python (D:3)
  3 bats
  A frilled lizard (D:2)
  8 kobolds
  7 rats
45 creatures vanquished.

Table legend:
 A = Non-vault XP
 B = Vault XP
 C = Vault XP percentage of total XP
 D = Non-vault monster count
 E = Vault monster count
 F = Vault count percentage of total count
                 A         B        C        D         E       F
            +---------+---------+-------+---------+---------+-------
      Total |     146 |      92 |  38.7 |      37 |       8 |  17.8
            +---------+---------+-------+---------+---------+-------
        D:1 |      20 |       0 |   0.0 |      12 |       0 |   0.0
        D:2 |      99 |      92 |  48.2 |      17 |       8 |  32.0
        D:3 |      27 |       0 |   0.0 |       8 |       0 |   0.0
            +---------+---------+-------+---------+---------+-------

Illustrated notes

Table legend:
 A = Kills in this place as a percentage of kills in entire the game.
 B = Kills by you in this place as a percentage of kills by you in the entire game.
 C = Kills by friends in this place as a percentage of kills by friends in the entire game.
 D = Other kills in this place as a percentage of other kills in the entire game.
 E = Experience gained in this place as a percentage of experience gained in the entire game.
 F = Experience gained in this place divided by the number of levels of this place that you have seen.
                   A       B       C       D       E      F
               +-------+-------+-------+-------+-------+----------------------
         Total | 100.0 | 100.0 |   N/A |   N/A | 100.0 |  79.3
       Dungeon | 100.0 | 100.0 |   N/A |   N/A | 100.0 |  79.3
               +-------+-------+-------+-------+-------+----------------------

Table legend: (Time is in decaauts)
 A = Elapsed time spent in this place.
 B = Non-inter-level travel time spent in this place.
 C = Inter-level travel time spent in this place.
 D = Time resting spent in this place.
 E = Time spent auto-exploring this place.
 F = Levels seen in this place.
 G = Mean time per level.
                   A        B        C        D        E       F      G
               +--------+--------+--------+--------+--------+-----+--------+
         Total |   2770 |   2618 |    152 |    165 |   2070 |   3 |  923.3 |
       Dungeon |   2770 |   2618 |    152 |    165 |   2070 |   3 |  923.3 |
               +--------+--------+--------+--------+--------+-----+--------+

Top non-repeatable levels by time:
     D:2: 1331 daAuts
     D:1: 1243 daAuts
     D:3: 195 daAuts
